Map: Scythe of Amon

Players

Kain

  • Race: Terran Terran

Ratl

  • Race: Protoss Protoss
  • League: Silver
  • Spawn Location: 5:00

VOD

Have the link to the VOD?

Description

Time

  • Played on: Jan. 13, 2020, 1:37 p.m.
  • Length: 21:32
Show
View Real Time Build Order
Export as new Build Order

Kain Terran 

Build Orders:  

Get SALT Encoding   

  12  0:04  SCV  
  13  0:21  SCV  
  14  0:38  SCV  
  15  0:51  Refinery  
  15  0:55  SCV  
  16  1:07  Gunslingers Hideout  
  16  1:12  SCV  
  17  1:29  SCV  
  18  1:46  SCV  
  19  1:52  Refinery  
  19  2:02  SCV  
  20  2:19  SCV  
  21  2:21  Engineering Bay  
  21  2:36  SCV  
  22  2:53  SCV  
  23  3:01  Tychus  
  23  3:22  SCV  
  24  3:38  Crooked Sam  
  34  3:42  SCV  
  35  5:03  Outlaw Weapons Level 1  
  35  5:04  Muscle Armory  
  35  5:13  SCV, Engineering Bay  
  34  5:30  SCV  
  37  6:30  KD9a Implosion Core  
  37  6:42  Outlaw Life and Armor Level 1  
  37  6:56  SCV  
  38  7:13  SCV  
  38  7:18  Miles Blaze Lewis  
  49  7:29  SCV  
  50  7:46  SCV  
  50  7:48  Fixers Safehouse  
  51  8:03  SCV  
  52  9:38  SCV  
  53  9:55  SCV  
  53  10:02  Command Center  
  52  10:12  SCV  
  53  10:29  SCV  
  54  10:30  Refinery  
  54  10:39  Refinery  
  54  10:46  SCV  
  55  11:01  Lt Layna Nikara  
  55  11:03  SCV  
  66  11:20  SCV  
  67  11:49  SCV  
  68  12:06  SCV  
  69  12:23  SCV  
  70  12:40  SCV  
  71  12:57  SCV  
  71  12:58  SCV  
  73  13:14  SCV  
  73  13:15  SCV  
  73  13:19  Medivac Platform  
  75  13:31  SCV  
  75  13:32  SCV  
  77  13:48  SCV  
  77  13:49  SCV  
  69  14:06  SCV, Flashforce GDM Visor  
  79  15:23  Umojan Repair Nanites  
  79  15:26  Procyon Serum  
  79  15:27  Procyon Twin Heal Beam Gauntlet  
  79  15:34  Vanadium Shell  
  79  15:36  Kel-Morian Ripper Rounds  
  79  16:12  Outlaw Life and Armor Level 2  
  79  16:15  Outlaw Weapons Level 2  
  26  19:41  Auto-Turret  
  26  19:49  Auto-Turret  
  36  19:50  Auto-Turret  
Show
View Real Time Build Order
Export as new Build Order

Ratl Protoss 

Build Orders:  

Get SALT Encoding   

  12  0:02  Probe (Chrono Boost)  
  13  0:16  Probe (Chrono Boost)  
  14  0:29  Pylon  
  14  0:30  Probe (Chrono Boost)  
  15  0:52  Assimilator  
  15  0:53  Probe (Chrono Boost)  
  16  1:07  Probe (Chrono Boost)  
  17  1:13  Assimilator  
  17  1:21  Probe (Chrono Boost), Pylon  
  18  1:35  Probe (Chrono Boost)  
  18  1:38  Gateway  
  19  1:49  Probe (Chrono Boost)  
  20  2:02  Probe (Chrono Boost)  
  21  2:16  Probe (Chrono Boost)  
  22  2:23  Gateway  
  22  2:30  Probe (Chrono Boost)  
  23  2:44  Probe (Chrono Boost)  
  24  2:56  Cybernetics Core, Zealot  
  24  2:58  Probe (Chrono Boost)  
  27  3:12  Probe (Chrono Boost), Pylon  
  28  3:21  Zealot  
  28  3:26  Probe (Chrono Boost)  
  31  3:42  Forge  
  31  3:45  Pylon  
  31  3:58  Dragoon  
  33  4:01  Dragoon  
  35  4:15  Pylon  
  35  4:29  Dragoon  
  37  4:31  Zealot  
  37  4:35  Protoss Ground Weapons Level 1  
  39  4:46  Zealot  
  39  4:48  Zealot  
  43  5:22  Gateway  
  43  5:24  Dragoon  
  45  6:05  Twilight Council  
  45  6:10  Dragoon x2  
  45  6:12  Zealot  
  45  6:40  Dragoon x2  
  45  6:42  Zealot  
  45  6:46  Protoss Ground Armor Level 1  
  45  7:27  Probe (Chrono Boost)  
  46  7:34  Charge  
  46  7:43  Probe (Chrono Boost)  
  47  7:59  Dragoon x2  
  50  8:00  Probe (Chrono Boost)  
  46  8:17  Probe (Chrono Boost)  
  47  8:34  Probe (Chrono Boost), Singularity Charge  
  47  8:51  Protoss Ground Weapons Level 2, Probe (Chrono Boost)  
  47  9:08  Probe (Chrono Boost)  
  48  9:19  Dragoon x3  
  54  9:25  Probe (Chrono Boost)  
  55  9:34  Whirlwind  
  55  9:52  Probe (Chrono Boost)  
  50  10:03  Dragoon x3  
  50  10:09  Probe (Chrono Boost)  
  53  10:14  Nexus  
  53  10:18  Assimilator  
  53  10:24  Pylon  
  53  10:33  Probe (Chrono Boost)  
  55  10:50  Probe (Chrono Boost)  
  55  11:07  Probe (Chrono Boost)  
  56  11:11  Zealot  
  56  11:12  Zealot x2  
  62  12:05  Probe (Chrono Boost)  
  62  12:08  Probe (Chrono Boost)  
  64  12:10  Zealot x5  
  64  12:11  Zealot x2  
  78  12:37  Pylon  
  78  12:38  Pylon  
  78  12:43  Pylon  
  78  12:49  Pylon  
  78  13:00  Assimilator  
  78  13:05  Probe (Chrono Boost)  
  77  14:07  Robotics Facility  
  63  14:38  Dragoon x2  
  63  14:39  Dragoon x2  
  69  15:03  Photon Cannon  
  69  15:07  Photon Cannon  
  69  15:12  Photon Cannon  
  69  15:13  Probe (Chrono Boost)  
  69  15:15  Pylon  
  70  15:27  Probe (Chrono Boost)  
  70  15:28  Observer  
  72  15:34  Dragoon x2  
  72  15:35  Dragoon x2  
  72  15:36  Zealot  
  72  15:37  Zealot x2  
  86  15:56  Dragoon  
  86  15:58  Observer  
  89  16:29  Robotics Bay  
  89  16:33  Robotics Facility  
  89  16:56  Dragoon x2  
  89  16:57  Dragoon  
  91  17:00  Dragoon  
  91  17:01  Dragoon x3  
  65  17:42  Dragoon x3  
  65  17:43  Dragoon  
  59  18:03  Dragoon  
  50  18:33  Probe (Chrono Boost)  
  51  18:47  Probe (Chrono Boost)  
  41  19:01  Probe (Chrono Boost)  
  42  19:15  Probe (Chrono Boost)  
  38  19:21  Gateway  
  38  19:23  Gateway  
  38  19:27  Gateway  
  33  19:33  Gateway  
  33  19:35  Gateway  
  33  19:36  Forge  
Tags
 
Add a new tag
Caveats
  • Supply blocks, unpowered buildings, or Contaminate may cause inaccurate times.
  • Supply counts are checked every 10 seconds.